 Dungeon Crawl Stone Soup version 0.18.1-48-g4cf74bf (webtiles) character file.

113 Gargoyl the Skirmisher (level 4, 0/35 HPs)
             Began as a Demonspawn Abyssal Knight on July 18, 2016.
             Was a Believer of Lugonu.
             Slain by a scorpion (6 damage)
             ... on level 4 of the Dungeon.
             The game lasted 00:04:46 (2640 turns).

Gargoyl the Skirmisher (Demonspawn Abyssal Knight)  Turns: 2640, Time: 00:04:46

Health: 0/35       AC:  6    Str: 11 (13) XL:     4   Next: 65%
Magic:  5/5        EV: 10    Int: 16 (17) God:    Lugonu [**....]
Gold:   102        SH:  0    Dex: 11 (12) Spells: 0 memorised, 3 levels left

rFire  . . .     SeeInvis .     a - +1 hand axe
rCold  . . .     Gourm    .     d - +0 ring mail
rNeg   . . .     Faith    .     (no shield)
rPois  +         Spirit   .     (helmet restricted)
rElec  .         Dismiss  .     (no cloak)
rCorr  .         Reflect  .     p - +0 pair of gloves
SustAt .         Harm     .     (no boots)
MR     .....                    (no amulet)
Stlth  +.........               l - ring of poison resistance
                                g - +3 ring of intelligence

@: lethally poisoned (0 -> -9), not resistant to hostile enchantments, very
unstealthy
A: antennae 1, claws 1
a: Depart the Abyss, Bend Space, Renounce Religion


You were on level 4 of the Dungeon.
You worshipped Lugonu.
Lugonu was pleased with you.
You were very hungry.

You visited 1 branch of the dungeon, and saw 4 of its levels.
You visited the Abyss 1 time.

You collected 102 gold pieces.

Inventory:

Hand Weapons
 a - a +1 hand axe (weapon)
Armour
 d - a +0 ring mail (worn)
 p - a +0 pair of gloves (worn)
Jewellery
 g - a +3 ring of intelligence (left hand)
 l - a ring of poison resistance (right hand)
Scrolls
 b - 2 scrolls of fog {unknown}
 e - a scroll of random uselessness {unknown}
 k - 2 scrolls of enchant weapon {unknown}
 m - 3 scrolls of identify {unknown}
 n - a scroll of magic mapping {unknown}
 o - 2 scrolls of teleportation {unknown}
Potions
 h - a potion of brilliance
 j - a potion of curing {unknown}
 s - a potion of agility {unknown}
Comestibles
 c - a bread ration
 f - a slice of pizza
 q - a meat ration


   Skills:
 + Level 3.4 Fighting
 + Level 2.4 Axes
 * Level 3.1 Armour
 + Level 2.0 Dodging
 + Level 2.6 Invocations


You had 3 spell levels left.
You didn't know any spells.

Dungeon Overview and Level Annotations

Branches:
Dungeon (4/15)
 Temple: D:4-7

Altars:
Zin

Annotations:
D:3 Kloppie's ghost, amateur HOFi


Innate Abilities, Weirdness & Mutations

You have a pair of small antennae on your head.
You have sharp fingernails.


Message History

Drink which item? (? for menu, Esc to quit)
It was a potion of brilliance.
You feel clever all of a sudden.
You are feeling very hungry.
You feel sick. The scorpion barely misses you.
Drink which item? (? for menu, Esc to quit)
It was a potion of cancellation.
Your magical effects are unravelling.
You feel magically purged.
You feel a little less clever now.
* * * LOW HITPOINT WARNING * * *
You feel sick. The scorpion stings you.
* * * LOW HITPOINT WARNING * * *
Drink which item? (? for menu, Esc to quit)
It was a potion of degeneration.
There was something very wrong with that liquid.
You feel weakened.
You feel dopey.
You feel clumsy.
* * * LOW HITPOINT WARNING * * *
You feel sick. The scorpion stings you.
You die...

..#.#####
#....#.############
#...(#.............
#....#.###########.
#.####....#.#.........#.
..)..$.....>#.#####.###.
##.###....###....<#.....
#....# ############
##@#....!. #s#.#####
#.#.# #.... #.... #...
#... .....


You could see a scorpion.

Vanquished Creatures
  A hound (D:4)
  3 adders (D:2)
  3 dart slugs
  A giant gecko (D:2)
  6 goblins
  7 hobgoblins
  2 kobolds (D:1)
  2 quokkas (D:2)
  A ball python (D:1)
  13 bats
  6 giant newts
  7 rats
52 creatures vanquished.

Notes
Turn   | Place    | Note
--------------------------------------------------------------
     0 | Abyss:1  | Gargoyl the Demonspawn Abyssal Knight began the quest for the Orb.
     0 | Abyss:1  | Reached XP level 1. HP: 18/18 MP: 2/2
     1 | Abyss:1  | Found a corrupted altar of Lugonu.
   121 | Abyss:1  | Noticed a large abomination
   140 | D:1      | Escaped the Abyss
   268 | D:1      | Reached * piety under Lugonu
   277 | D:1      | Reached skill level 1 in Dodging
   277 | D:1      | Gained mutation: You have a pair of small antennae on your head. [demonic ancestry]
   277 | D:1      | Reached XP level 2. HP: 13/24 MP: 3/3
   911 | D:2      | Gained mutation: You have sharp fingernails. [demonic ancestry]
   911 | D:2      | Reached XP level 3. HP: 26/29 MP: 4/4
  1238 | D:2      | Reached ** piety under Lugonu
  1737 | D:2      | Reached XP level 4. HP: 34/35 MP: 5/5
  1849 | D:2      | Found a glowing silver altar of Zin.
  1849 | D:2      | Noticed an angel
  2352 | D:3      | Noticed Kloppie's ghost (amateur HOFi)
  2640 | D:4      | Slain by a scorpion

Skill      XL: |  1  2  3  4 |
---------------+-------------+-----
Armour         | 2 3 |  3.1
Dodging        | 1 2 |  2.0
Axes           | 2 |  2.4
Fighting       | |  3.4
Invocations    | |  2.6

Action                   |  1- 3 |  4- 6 || total
-------------------------+-------+-------++-------
Melee: Hand axe          |   185 |    38 ||   223
Invok: Depart the Abyss  |     1 |       ||     1
  Use: Potion            |       |     3 ||     3
  Eat: Chunk             |     3 |     2 ||     5
Armor: Ring mail         |   120 |    14 ||   134
Dodge: Dodged            |   147 |    19 ||   166
